 Dungeon Crawl Stone Soup version 0.29-a0-338-g1ff7896281 (webtiles) character file.

Game seed: 14188248065760455776

1318 spaghetti the Nimble (level 8, -3/55 HPs)
             Began as a Deep Dwarf Fire Elementalist on Apr 18, 2022.
             Was a Priest of Hepliaklqana.
             Slain by an orc warrior
             ... wielding a +2 hand axe of electrocution
              (15 damage)
             ... on level 5 of the Dungeon.
             The game lasted 00:15:21 (5464 turns).

spaghetti the Nimble (Deep Dwarf Fire Elementalist) Turns: 5464, Time: 00:15:22

Health: -3/55      AC:  4    Str: 14    XL:     8   Next: 33%
Magic:  8/8        EV: 16    Int: 22    God:    Hepliaklqana [***...]
Gold:   176        SH:  0    Dex: 13    Spells: 9/10 levels left

rFire   + . .      SeeInvis .   y - +8 scythe (vamp) {polearm}
rCold   . . .      Faith    .   (shield currently unavailable)
rNeg    . . .      Spirit   .   a - +0 robe
rPois   .          Reflect  .   l - +0 helmet
rElec   .          Harm     .   (no cloak)
rCorr   .          Rampage  .   c - +0 pair of gloves
Will    +....                   (no boots)
Stlth   ++........              (no amulet)
HPRegen 0.00/turn               b - ring of protection from fire
MPRegen 0.11/turn               r - +6 ring of intelligence

@: no status effects
A: reduced essence, damage resistance, heal wounds, sense surroundings 1, no
regeneration
a: Heal Wounds, Renounce Religion, Ancestor Life: Knight, Ancestor Life:
Battlemage, Ancestor Life: Hexer, Recall Ancestor, Ancestor Identity,
Transference


You were on level 5 of the Dungeon.
You worshipped Hepliaklqana.
Hepliaklqana was most pleased with you.
You visited 1 branch of the dungeon, and saw 5 of its levels.

You collected 176 gold pieces.


Innate Abilities, Weirdness & Mutations

Your life essence is reduced to manifest your ancestor. (-10% HP)
You are resistant to damage.
You can heal yourself by infusing magical energy.
You passively map a small area around you.
You do not regenerate.


   Skills:
 + Level 4.6 Polearms
 - Level 9.8 Dodging
 - Level 2.4 Stealth
 - Level 1.7 Spellcasting
 - Level 0.8 Conjurations
 - Level 2.6 Fire Magic


You had 9 spell levels left.
You knew the following spells:

 Your Spells              Type           Power      Damage    Failure   Level
a - Foxfire               Conj/Fire      36%        2x1d5     7%          1

Your spell library contained the following spells:

 Spells                   Type           Power      Damage    Failure   Level
 Scorch                   Fire           26%        2d6       7%          2
 Conjure Flame            Conj/Fire      9%         6-21      21%         3
 Inner Flame              Hex/Fire       7%         N/A       24%         3
 Confusing Touch          Hex            1%         N/A       38%         3
 Gell's Gravitas          Tloc           1%         N/A       38%         3
 Lesser Beckoning         Tloc           1%         N/A       38%         3
 Teleport Other           Tloc           1%         N/A       38%         3
 Flame Wave               Conj/Fire      9%         2d5       56%         4
 Yara's Violent Unravell  Hex/Tmut       0%         3d3       98%         5
 Enfeeble                 Hex            0%         N/A       100%        7

Inventory:

Hand Weapons
 f - a +0 whip {mace}
   (You took it off a kobold on level 1 of the Dungeon)
 g - a +4 short sword of venom {short}
   (You took it off a kobold on level 2 of the Dungeon)
 y - a +8 vampiric scythe (weapon) {polearm}
   (You took it off Sigmund on level 5 of the Dungeon)
Missiles
 d - 12 poisoned darts {throwing}
 e - 141 stones {throwing}
 j - 4 boomerangs {throwing}
Armour
 a - a +0 robe (worn)
 c - a +0 pair of gloves (worn)
   (You found it on level 1 of the Dungeon)
 l - a +0 helmet (worn)
   (You found it on level 2 of the Dungeon)
Jewellery
 b - a ring of protection from fire (left hand)
   (You found it on level 2 of the Dungeon)
 q - a ring of poison resistance
   (You found it on level 3 of the Dungeon)
 r - a +6 ring of intelligence (right hand)
   (You found it on level 3 of the Dungeon)
Wands
 i - a wand of paralysis (11)
   (You found it on level 2 of the Dungeon)
 o - a wand of iceblast (9)
   (You took it off Ijyb on level 3 of the Dungeon)
 p - a wand of flame (9)
   (You took it off Natasha on level 3 of the Dungeon)
Scrolls
 k - a scroll of teleportation {@r4}
 m - 2 scrolls of fog
 n - a scroll of enchant armour
 s - 3 scrolls of magic mapping {!r}
 u - a scroll of vulnerability {unknown}
 v - a scroll of acquirement {unknown}
 w - a scroll of torment {unknown}
 z - a scroll of noise {unknown}
Potions
 t - a potion of magic
 x - a potion of curing {unknown}

Dungeon Overview and Level Annotations

Branches:
Dungeon (5/15)
 Temple: D:4-7

Altars:
Hepliaklqana
Wu Jian

Shops:
D:1 *   D:3 *   D:5 =

Annotations:
D:3 1 runed translucent door, bande's ghost, weakling GrFi

.>.# #..........# #......., ...#
#....).....###....... *
...####.....).............#
.....#* #..†.............#
##...#####g####....>....^.# #####
##...#...oo..##..)........# #....
##...#.###.#.##...........###.###
##...#...#...##..)........'......
##...###.######.@o........###.###
.....# #.#### ###'#####..## #.#
#....###....## #.# #..####.#
#....#.......# #.# #.....#.#
#.####.####..# #.######.##.#.#
#.# #.# ..####.#......#* #.# #.#
#.# .#....#.###### #.### #.####.#
#.####.### #.... #......#
,*#.##.....# #####


You could see an orc warrior.


Message History

Confirm with . or Enter, or press ? or * to list all spells.
You conjure some foxfire!
The orc shouts! 😮 MP[-1]
You lost 1 mp, and now have 8/9 mp.
You closely miss the orc warrior.
The foxfire hits the orc warrior.
The foxfire hits the orc warrior but does no damage.
The orc warrior hits you with a +2 hand axe of electrocution.
You are electrocuted!
The orc warrior hits Katty with a +2 hand axe of electrocution.
Katty hits the orc warrior.
The orc warrior hits you with a +2 hand axe of electrocution!
* * * LOW HITPOINT WARNING * * *
You are electrocuted!
* * * LOW HITPOINT WARNING * * *
The orc warrior hits Katty with a +2 hand axe of electrocution! 😨 HP[-23]
You take 23 damage, and now have 17/55 hp.
MASSIVE DAMAGE!! (PAUSE) Unknown command.
Okay, then.
Okay, then.
You feel much better.
Katty barely misses the orc warrior.
The orc warrior hits you with a +2 hand axe of electrocution!
* * * LOW HITPOINT WARNING * * *
The orc warrior hits Katty but does no damage. 😨 HP[+10]
You regained 10 hp, and now have 27/55 hp.
You barely miss the orc warrior.
Katty hits the orc warrior but does no damage.
The orc warrior hits you with a +2 hand axe of electrocution!
* * * LOW HITPOINT WARNING * * *
The orc warrior closely misses Katty.
Katty hits the orc warrior.
The orc warrior hits you with a +2 hand axe of electrocution!
* * * LOW HITPOINT WARNING * * *
The orc warrior hits Katty with a +2 hand axe of electrocution. 😱 HP[-18]
You take 18 damage, and now have 9/55 hp.
MASSIVE DAMAGE!! (PAUSE)
You feel much better.
Katty hits the orc warrior but does no damage.
The orc misses you.
The orc warrior hits you with a +2 hand axe of electrocution!
The orc warrior barely misses Katty. 😮 HP[+26]
You regained 26 hp, and now have 35/55 hp.
You slice the orc!!
You feel better.
You kill the orc!
Katty hits the orc warrior but does no damage.
The orc warrior hits you with a +2 hand axe of electrocution!
You are electrocuted!
* * * LOW HITPOINT WARNING * * *
The orc warrior misses Katty.
Katty misses the orc warrior.
The orc warrior hits you with a +2 hand axe of electrocution!
* * * LOW HITPOINT WARNING * * *
The orc warrior misses Katty. 😱 HP[-30]
You take 30 damage, and now have 5/55 hp.
MASSIVE DAMAGE!! (PAUSE)
Your magical essence is drained by the effort!
You feel much better.
Katty barely misses the orc warrior.
The orc warrior barely misses you.
The orc warrior hits Katty with a +2 hand axe of electrocution.
Lightning courses through Katty!
Katty is destroyed! 😮 HP[+31]
You regained 31 hp, and now have 36/55 hp.
You barely miss the orc warrior. The orc warrior closely misses you.
You slash the orc warrior!
You feel better.
The orc warrior hits you with a +2 hand axe of electrocution!
The orc warrior hits you with a +2 hand axe of electrocution.
You are electrocuted!
* * * LOW HITPOINT WARNING * * *
😨 HP[-19]
You take 19 damage, and now have 17/55 hp.
MASSIVE DAMAGE!! (PAUSE)
You feel much better.
The orc warrior closely misses you. 😮 HP[+18]
You regained 18 hp, and now have 35/55 hp.
Okay, then.
Casting: Foxfire (safe; 7% risk of failure)
Confirm with . or Enter, or press ? or * to list all spells.
You conjure some foxfire!
The orc warrior hits you with a +2 hand axe of electrocution!
* * * LOW HITPOINT WARNING * * *
You are electrocuted!
* * * LOW HITPOINT WARNING * * *
The orc warrior barely misses your foxfire.
The orc warrior hits your foxfire with a +2 hand axe of electrocution. 😱 HP[-23]
You take 23 damage, and now have 12/55 hp.
MASSIVE DAMAGE!! (PAUSE) Unknown command.
Aiming: Throw Flame
Press: ? - help, Shift-Dir - straight line, f - orc warrior
Aim: an orc warrior, wielding a +2 hand axe of electrocution and wearing a +0 plate armour (severely wounded, ally target, 68% to hit)
The puff of flame misses the orc warrior.
The foxfire hits the orc warrior. x2
The orc warrior hits you with a +2 hand axe of electrocution!
You die...

Skill      XL: |  1  2  3  4  5  6  7  8 |
---------------+-------------------------+-----
Dodging        | 3 4 6 7 8 9 |  9.8
Polearms       | 2 4 |  4.6
Stealth        | |  2.4
Spellcasting   | |  1.7
Conjurations   | |  0.8
Fire Magic     | |  2.6

Action                   |  1- 3 |  4- 6 |  7- 9 || total
-------------------------+-------+-------+-------++-------
Melee: Unarmed           |    14 |       |       ||    14
       Whip              |    56 |       |       ||    56
       Short sword       |       |    55 |    12 ||    67
       Scythe            |       |       |    56 ||    56
 Cast: Foxfire           |    60 |    90 |    99 ||   249
Invok: Ancestor Identity |       |     1 |       ||     1
 Abil: Heal Wounds       |     3 |     4 |     9 ||    16
Evoke: Wand              |       |       |     1 ||     1
  Use: Potion            |     3 |     3 |     1 ||     7
       Scroll            |       |     1 |    10 ||    11
 Stab: Sleeping          |     1 |     1 |     2 ||     4
Armor: Robe              |    35 |    13 |     9 ||    57
       Skin              |       |    14 |       ||    14
Dodge: Dodged            |    89 |    61 |    65 ||   215

Levels and vault maps discovered:
D:1:      minmay_arrival_checkered_box, layout_basic, serial_shops, shop,
          shapermc_ecumenical_altar_mp_urbaneastern
D:2:      layout_rooms
D:3:      layout_rooms, nicolae_wu_jian_glorious_leap, serial_shops,
          nicolae_shop_hallway_stairs, hellmonk_ghost_happy_afterlife,
          corner_web_ring, uniq_pargi, uniq_ijyb, uniq_natasha, uniq_jessica,
          uniq_terence
D:4:      layout_rooms, chequers_serial_rivers_micro_c
D:5:      layout_basic, mainiacjoe_overflow_brackets, serial_shops,
          nicolae_shop_advertising_works [nicolae_subvault_shop_adworks],
          uniq_sigmund

Notes
Turn   | Place    | Note
-------+----------+-------------------------------------------
     0 | D:1      | spaghetti the Deep Dwarf Fire Elementalist began the quest
                  | for the Orb.
     0 | D:1      | Reached XP level 1. HP: 15/15 MP: 3/3
     0 | D:1      | magus.rc [v1.9.6]
   108 | D:1      | Found a faded altar of an unknown god.
   122 | D:1      | Prayed at the altar of an unknown god.
   122 | D:1      | Became a worshipper of Hepliaklqana the Forgotten
   122 | D:1      | Reached * piety under Hepliaklqana
   224 | D:1      | Reached skill level 3 in Dodging
   224 | D:1      | Reached XP level 2. HP: 10/19 MP: 0/4
   486 | D:1      | HP: 3/19 [goblin/+0 club (2)]
   547 | D:1      | You pick up a book of Flames and begin reading...
   648 | D:1      | Found Kenosa's Assorted Antiques.
   976 | D:1      | Reached XP level 3. HP: 12/25 MP: 5/5
  1145 | D:2      | Reached skill level 4 in Dodging
  1221 | D:2      | HP: 1/25 [orc/+0 flail (6)]
  1423 | D:2      | Reached XP level 4. HP: 11/32 MP: 2/6
  1490 | D:2      | Reached skill level 5 in Dodging
  1795 | D:2      | You pick up a book of Displacement and begin reading...
  1795 | D:2      | You add the spells Lesser Beckoning, Gell's Gravitas and
                  | Teleport Other to your library.
  1805 | D:2      | Noticed a phantom
  1813 | D:2      | HP: 7/32 [phantom (4)]
  1815 | D:2      | HP: 3/32 [phantom (4)]
  1820 | D:2      | Killed a phantom
  1821 | D:2      | Reached skill level 6 in Dodging
  1821 | D:2      | Reached XP level 5. HP: 26/37 MP: 1/7
  2252 | D:3      | Noticed Jessica
  2280 | D:3      | Killed Jessica
  2360 | D:3      | Noticed Pargi
  2375 | D:3      | Killed Pargi
  2376 | D:3      | Reached skill level 7 in Dodging
  2376 | D:3      | Reached XP level 6. HP: 26/44 MP: 1/8
  2595 | D:3      | Noticed Terence
  2611 | D:3      | Reached ** piety under Hepliaklqana
  2612 | D:3      | Found Jiloxax's Assorted Antiques.
  2837 | D:3      | Noticed Ijyb
  2843 | D:3      | HP: 9/44 [Ijyb/iceblast (12)]
  2852 | D:3      | Killed Ijyb
  2866 | D:3      | Noticed Natasha
  2876 | D:3      | Killed Natasha
  2877 | D:3      | Reached skill level 8 in Dodging
  2908 | D:3      | Noticed Natasha
  2912 | D:3      | Killed Natasha
  2933 | D:3      | Noticed Natasha
  2940 | D:3      | Killed Natasha
  3077 | D:3      | HP: 7/44 [gnoll/+0 halberd (13)]
  3104 | D:3      | Reached XP level 7. HP: 33/49 MP: 1/8
  3335 | D:3      | Killed Terence
  3370 | D:3      | Found a runed translucent door.
  3370 | D:3      | Noticed bande's ghost (weakling GrFi)
  3517 | D:3      | Found an ornate altar of the Wu Jian Council.
  3999 | D:4      | Reached skill level 9 in Dodging
  4484 | D:4      | You pick up a book of Misfortune and begin reading...
  4484 | D:4      | You add the spells Confusing Touch, Yara's Violent
                  | Unravelling and Enfeeble to your library.
  4732 | D:5      | Entered Level 5 of the Dungeon
  4732 | D:5      | Noticed Sigmund
  4740 | D:5      | Killed Sigmund
  4810 | D:5      | HP: 12/49 [orc priest/divine providence (13)]
  4824 | D:5      | Reached skill level 1 in Polearms
  4949 | D:5      | Reached skill level 2 in Polearms
  4976 | D:5      | Reached XP level 8. HP: 36/55 MP: 9/9
  4979 | D:5      | Reached skill level 3 in Polearms
  4997 | D:5      | HP: 3/55 [orc warrior/+2 hand axe of electrocution (17)]
  5005 | D:5      | HP: 13/55 [orc warrior/+2 hand axe of electrocution (14)]
  5005 | D:5      | HP: 4/55 [orc warrior/+2 hand axe of electrocution (9)]
  5007 | D:5      | Found Kog Haul's Jewellery Boutique.
  5093 | D:5      | HP: 10/55 [gnoll/+0 whip (5)]
  5096 | D:5      | Reached skill level 4 in Polearms
  5285 | D:5      | Reached *** piety under Hepliaklqana
  5451 | D:5      | Identified the +2 quarterstaff "Newtslayer" {holy, rN++}
  5456 | D:5      | HP: 9/55 [orc warrior/+2 hand axe of electrocution (13)]
  5463 | D:5      | HP: 12/55 [orc warrior/+2 hand axe of electrocution (11)]
  5464 | D:5      | Slain by an orc warrior

Vanquished Creatures
  Sigmund (D:5)
  Pargi (D:3)
  An ice beast (D:5)
  A phantom (D:2)
  A gnoll sergeant (D:5)
  3 scorpions
  Jessica (D:3)
  Terence (D:3)
  2 iguanas (D:4)
  2 orc wizards
  Natasha (thrice) (D:3)
  7 gnolls
  6 adders
  A white imp (D:5)
  3 worms
  3 dart slugs
  10 orcs
  8 ball pythons
  3 bats
  4 endoplasms
  3 giant cockroaches
  6 goblins
  6 hobgoblins
  9 jackals
  5 quokkas
  3 frilled lizards
  8 kobolds
  7 rats
109 creatures vanquished.

Vanquished Creatures (collateral kills)
  A howler monkey (D:5)
  2 orc priests (D:5)
  Ijyb (D:3)
  4 gnolls
  An adder (D:5)
  A worm (D:2)
  A dart slug (D:1)
  3 orcs
  2 endoplasms
  A goblin (D:3)
  3 hobgoblins
  A jackal (D:3)
  A kobold (D:1)
  A quokka (D:4)
  A foxfire (D:1)
24 creatures vanquished.

Vanquished Creatures (others)
  10 ancestors
  388 foxfires
  A fungus (D:1)
399 creatures vanquished.

Grand Total: 532 creatures vanquished

Table legend:
 A = Non-vault XP
 B = Vault XP
 C = Vault XP percentage of total XP
 D = Non-vault monster count
 E = Vault monster count
 F = Vault count percentage of total count
                 A         B        C        D         E       F
            +---------+---------+-------+---------+---------+-------
      Total |    1369 |     514 |  27.3 |     126 |       6 |   4.5
            +---------+---------+-------+---------+---------+-------
        D:1 |      43 |       0 |   0.0 |      28 |       0 |   0.0
        D:2 |     213 |       0 |   0.0 |      24 |       0 |   0.0
        D:3 |     258 |     283 |  52.3 |      30 |       5 |  14.3
        D:4 |     170 |       0 |   0.0 |      19 |       0 |   0.0
        D:5 |     685 |     231 |  25.2 |      25 |       1 |   3.8
            +---------+---------+-------+---------+---------+-------

Illustrated notes

Table legend:
 A = Kills in this place as a percentage of kills in entire the game.
 B = Kills by you in this place as a percentage of kills by you in the entire game.
 C = Kills by friends in this place as a percentage of kills by friends in the entire game.
 D = Other kills in this place as a percentage of other kills in the entire game.
 E = Experience gained in this place as a percentage of experience gained in the entire game.
 F = Experience gained in this place divided by the number of levels of this place that you have seen.
                   A       B       C       D       E      F
               +-------+-------+-------+-------+-------+----------------------
         Total | 100.0 | 100.0 | 100.0 |   N/A | 100.0 | 376.6
       Dungeon | 100.0 | 100.0 | 100.0 |   N/A | 100.0 | 376.6
               +-------+-------+-------+-------+-------+----------------------

Table legend: (Time is in decaauts)
 A = Elapsed time spent in this place.
 B = Non-inter-level travel time spent in this place.
 C = Inter-level travel time spent in this place.
 D = Time resting spent in this place.
 E = Time spent auto-exploring this place.
 F = Levels seen in this place.
 G = Mean time per level.
                   A        B        C        D        E       F      G
               +--------+--------+--------+--------+--------+-----+--------+
         Total |   5527 |   5420 |    107 |    554 |   3799 |   5 | 1105.4 |
       Dungeon |   5527 |   5420 |    107 |    554 |   3799 |   5 | 1105.4 |
               +--------+--------+--------+--------+--------+-----+--------+

Top non-repeatable levels by time:
     D:3: 1515 daAuts
     D:1: 1146 daAuts
     D:2: 1114 daAuts
     D:4: 973 daAuts
     D:5: 777 daAuts
